 Dungeon Crawl Stone Soup version 0.20-a0-785-g17250f0 (webtiles) character file.

5792 retryentry the Carver (level 10, 0/76 HPs)
             Began as a Vampire Fighter on Feb 27, 2017.
             Was an Elder of Okawaru.
             Killed from afar by Erolcha (20 damage)
             ... with a bolt of lightning
             ... on level 9 of the Dungeon.
             The game lasted 00:19:47 (7294 turns).

retryentry the Carver (Vampire Fighter)             Turns: 7294, Time: 00:19:48

Health: 0/76       AC: 12    Str: 16    XL:     10   Next: 50%
Magic:  11/11      EV:  4    Int: 11    God:    Okawaru [****..]
Gold:   494        SH:  9    Dex: 21    Spells: 5/9 levels left

rFire    . . .     SeeInvis +   u - +0 short sword (elec)
rCold    + . .     Gourm    .   f - +0 chain mail
rNeg     + + .     Faith    .   c - +0 shield
rPois    +         Spirit   .   (no helmet)
rElec    .         Reflect  .   G - +0 cloak
rCorr    .         Harm     .   b - +0 pair of gloves
MR       +....                  p - +0 pair of boots
Stlth    ..........             (no amulet)
Regen    0.2/turn               z - ring of poison resistance
MPRegen  0.2/turn               o - +5 ring of dexterity

@: regenerating slowly
A: fangs 3, see invisible, unbreathing
a: Bat Form, Heroism, Renounce Religion


You were on level 9 of the Dungeon.
You worshipped Okawaru.
Okawaru was greatly pleased with you.
You were thirsty.

You visited 2 branches of the dungeon, and saw 10 of its levels.

You collected 494 gold pieces.

Inventory:

Hand Weapons
 u - a +0 short sword of electrocution (weapon)
 x - a +0 blowgun
 D - a +0 scimitar
Missiles
 w - 10 javelins (quivered)
 y - 33 poisoned needles
Armour
 b - a +0 pair of gloves (worn)
 c - a +0 shield (worn)
 f - a +0 chain mail (worn)
 h - a scarf of cold resistance
 p - a +0 pair of boots (worn)
 G - a +0 cloak (worn)
Jewellery
 o - a +5 ring of dexterity (left hand)
 z - a ring of poison resistance (right hand)
 L - an uncursed ring of stealth
Wands
 k - a wand of flame (3/48)
 M - a wand of lightning (0/15)
Scrolls
 i - 5 scrolls of remove curse {unknown}
 j - a scroll of immolation {unknown}
 l - a scroll of blinking {unknown}
 m - 2 scrolls of enchant weapon {unknown}
 r - a scroll of fog {unknown}
 s - 4 scrolls of teleportation {unknown}
 t - 2 scrolls of magic mapping {unknown}
 v - a scroll of enchant armour {unknown}
 I - 3 scrolls of amnesia {unknown}
 J - a scroll of random uselessness {unknown}
 K - a scroll of recharging {unknown}
Potions
 a - 3 potions of brilliance
 d - 4 potions of might
 e - 7 potions of blood
 g - 3 potions of curing
 n - 2 potions of heal wounds {unknown}
 q - 3 potions of mutation
 A - 2 potions of berserk rage
 B - 2 potions of haste
 E - 5 potions of agility
 F - a potion of flight {unknown}
 H - a potion of lignification


   Skills:
 * Level 6.2 Fighting
 + Level 13.9 Long Blades
 - Level 2.4 Armour
 - Level 2.6 Shields
 * Level 1.8 Invocations


You had 5 spell levels left.
You knew the following spells:

 Your Spells              Type           Power        Failure   Level  Hunger
a - Regeneration          Chrm/Necr      #.........   100%        3    ####...
b - Apportation           Tloc           #.....       100%        1    ##.....


Dungeon Overview and Level Annotations

Branches:
Dungeon (9/15)             Temple (1/1) D:4            Lair (0/6) D:8
    Orc: D:9-12

Altars:
Ashenzari
Cheibriados
Dithmenos
Elyvilon
Fedhas
Gozag
Hepliaklqana
Kikubaaqudgha
Makhleb
Nemelex Xobeh
Okawaru
Qazlal
Ru
Sif Muna
Trog
Uskayaw
Vehumet
Wu Jian
Xom
Yredelemnul
Zin
The Shining One

Shops:
D:5 %   D:7 (

Annotations:
D:9 Erolcha


Innate Abilities, Weirdness & Mutations

You heal slowly.
You have razor-sharp teeth.
You have supernaturally acute eyesight. (SInv)
You can survive without breathing.


Message History

Evoke which item? (* to show all) (? for menu, Esc to quit)
Aiming: Lightning Bolt
Press: ? - help, Shift-Dir - straight line You hear a mighty clap of thunder!
The bolt of lightning hits Erolcha.
Erolcha appears unharmed.
Erolcha is severely wounded.
The bolt of lightning hits Erolcha.
Erolcha is almost dead.
This wand has 0 charges left.
You hear a shout! x2
Erolcha points at you and mumbles some strange words.
The bolt of lightning hits you!
* * * LOW HITPOINT WARNING * * *
Unknown command.
Unknown command.
Evoke which item? (* to show all) (? for menu, Esc to quit)
Okay, then.
Erolcha points at you and mumbles some strange words.
The bolt of lightning hits you!
You die...

####h.# ######.### #..o.##
######.# #)#### #......#
####'###### #.######
#.........# ##'#######
##.........### #........#
#.........oo.## #........#
............#..###........#
..#.........##.O@'........'.
..#.........######........##
. #.........# #........#
########### ####+#####


You could see Erolcha (invisible), an orc wizard (invisible) and an orc.

Vanquished Creatures
  A death yak (D:8)
  The ghost of Azzok the Thaumaturge, a novice DEFE of Ashenzari (D:8)
  The ghost of Gorglomux the Slinger, a novice HaHu of Okawaru (D:4)
  Psyche (D:9)
  Joseph (D:8)
  2 hippogriffs
  A wyvern (D:9)
  The ghost of slumpy the Shield-Bearer, an amateur FoFi (D:5)
  3 chaos spawn (D:8)
  3 porcupines (D:8)
  An orc warrior (D:9)
  An ice beast (D:7)
  A black bear (D:7)
  A sky beast (D:7)
  4 ogres
  2 centaurs
  A big kobold (D:8)
  4 bullfrogs
  2 scorpions
  3 killer bees (D:9)
  2 howler monkeys
  2 bullfrog zombies (D:8)
  2 crimson imps
  A centaur zombie (D:6)
  5 hounds
  A jelly (D:5)
  2 orc priests
  2 orc wizards
  2 bullfrog skeletons (D:7)
  A centaur skeleton (D:8)
  4 worker ants
  2 hound skeletons
  8 adders
  3 gnolls (D:7)
  3 river rats (D:8)
  A shadow imp (D:5)
  2 adder skeletons
  3 dart slugs
  A worm (D:2)
  5 leopard geckos
  21 orcs
  3 ball pythons
  5 giant cockroaches
  9 goblins
  10 hobgoblins
  16 jackals
  4 quokkas
  9 bats
  4 frilled lizards
  3 kobolds
  10 rats
181 creatures vanquished.

Notes
Turn   | Place    | Note
-------+----------+-------------------------------------------
     0 | D:1      | retryentry the Vampire Fighter began the quest for the Orb.
     0 | D:1      | Reached XP level 1. HP: 17/17 MP: 1/1
   246 | D:1      | Reached XP level 2. HP: 17/23 MP: 2/2
   406 | D:1      | Reached skill level 3 in Long Blades
   646 | D:1      | Reached XP level 3. HP: 25/28 MP: 3/3
  1012 | D:2      | Reached skill level 4 in Long Blades
  1363 | D:2      | Reached XP level 4. HP: 34/34 MP: 4/4
  2012 | D:3      | Reached skill level 5 in Long Blades
  2079 | D:3      | Reached XP level 5. HP: 24/39 MP: 5/5
  2465 | D:4      | Found a staircase to the Ecumenical Temple.
  2485 | Temple   | Entered the Ecumenical Temple
  2581 | Temple   | Became a worshipper of Warmaster Okawaru
  2749 | D:4      | Noticed Gorglomux's ghost (novice HaHu)
  2770 | D:4      | Killed Gorglomux's ghost
  2770 | D:4      | Reached * piety under Okawaru
  2770 | D:4      | Reached skill level 7 in Long Blades
  2770 | D:4      | Reached XP level 6. HP: 33/46 MP: 6/6
  2770 | D:4      | Reached XP level 7. HP: 37/51 MP: 7/7
  2908 | D:4      | Reached skill level 8 in Long Blades
  2985 | D:5      | Entered Level 5 of the Dungeon
  3000 | D:4      | Reached ** piety under Okawaru
  3217 | D:5      | Found a glowing silver altar of Zin.
  3287 | D:5      | Learned a level 3 spell: Regeneration
  3302 | D:5      | Reached skill level 9 in Long Blades
  3338 | D:5      | Found Vohuxups's Food Boutique.
  3374 | D:5      | Noticed slumpy's ghost (amateur FoFi)
  3720 | D:5      | Killed slumpy's ghost
  3720 | D:5      | Reached XP level 8. HP: 37/57 MP: 5/8
  3805 | D:5      | Found a snail-covered altar of Cheibriados.
  3898 | D:6      | Reached skill level 10 in Long Blades
  4102 | D:6      | Reached *** piety under Okawaru
  4164 | D:6      | Found an opulent altar of Gozag.
  4198 | D:6      | Found a white marble altar of Elyvilon.
  4249 | D:6      | Reached skill level 11 in Long Blades
  4334 | D:6      | Learned a level 1 spell: Apportation
  4350 | D:6      | Found a radiant altar of Vehumet.
  4612 | D:7      | Found a deep blue altar of Sif Muna.
  4802 | D:7      | Reached XP level 9. HP: 40/63 MP: 9/9
  4946 | D:7      | Found Feut Gimmatt's Weapon Shop.
  5031 | D:7      | Reached **** piety under Okawaru
  5031 | D:7      | Reached skill level 12 in Long Blades
  5570 | D:8      | Found a staircase to the Lair.
  5603 | D:8      | Noticed a death yak
  5603 | D:8      | Noticed a death yak
  5603 | D:8      | Noticed a death yak
  5603 | D:8      | Noticed Azzok's ghost (novice DEFE)
  5623 | D:8      | Killed Azzok's ghost
  6249 | D:8      | Noticed Joseph
  6277 | D:8      | Killed Joseph
  6277 | D:8      | Reached skill level 13 in Long Blades
  6413 | D:8      | Found a shimmering altar of Xom.
  6429 | D:8      | Reached XP level 10. HP: 61/73 MP: 10/10
  6470 | D:8      | Reached skill level 5 in Fighting
  6883 | D:8      | Killed a death yak
  6883 | D:8      | Reached skill level 1 in Invocations
  7265 | D:9      | Noticed Psyche
  7277 | D:9      | Noticed Erolcha
  7280 | D:9      | Killed Psyche
  7294 | D:9      | Killed from afar by Erolcha

Vault maps used:
D:1:      dpeg_arrival_simpleton_a, roderic_lattice_a, minmay_fountain_box
D:2:      grunt_decor_fettered
D:4:      minmay_temple_entry_hall, hex_tiny
D:5:      nicolae_overflow_crystal_walls, cheibrodos_worm_habitat, first_bread,
          serial_shops, nicolae_shop_window_shopping
D:6:      marbit_many_paths, lemuel_round_altar, lemuel_round_altar,
          kennysheep_decorative_pillar
D:7:      led_sif_book, serial_shops, nicolae_shop_window_shopping
D:8:      dpeg_lair_monsters, blue_anna_alchemist,
          minmay_guarded_unrand_variability, uniq_grum, uniq_joseph
D:9:      grunt_gozag_breadcrumbs, uniq_erolcha, uniq_erica, uniq_psyche
Temple:   regret_index_temple_sphere_string

Skill      XL: |  1  2  3  4  5  6  7  8  9 10 |
---------------+-------------------------------+-----
Long Blades    | 3 4 5 7 9 11 13 | 13.9
Fighting       | 3 4 6 |  6.2
Invocations    | 1 |  1.8
Armour         | |  2.4
Shields        | |  2.6

Action                   |  1- 3 |  4- 6 |  7- 9 | 10-12 || total
-------------------------+-------+-------+-------+-------++-------
Melee: Long sword        |   133 |    58 |       |       ||   191
       Bite              |    14 |    19 |    43 |    14 ||    90
       Short sword       |       |    59 |   362 |    99 ||   520
Throw: Javelin           |       |       |     1 |     3 ||     4
Invok: Heroism           |       |       |     5 |     6 ||    11
Evoke: Wand              |       |       |       |     7 ||     7
  Use: Potion            |     1 |     2 |    10 |     2 ||    15
       Scroll            |       |       |     6 |     3 ||     9
Armor: Chain mail        |    81 |    61 |   134 |    23 ||   299
       Scale mail        |     1 |       |       |       ||     1
       Skin              |       |       |       |    32 ||    32
Dodge: Dodged            |    22 |    20 |    39 |     9 ||    90
Block: Shield            |    61 |    42 |   125 |    44 ||   272
       Rpst.: Long sword |     8 |     6 |       |       ||    14
